 Dungeon Crawl Stone Soup version 0.17.1-2-g5865329 (webtiles) character file.

53 ololoev the Chopper (level 3, 3/29 HPs)
             Began as a Demonspawn Fighter on Jan 25, 2016.
             Quit the game on level 2 of the Dungeon.
             The game lasted 00:00:35 (34 turns).

ololoev the Chopper (Demonspawn Fighter)              Turns: 34, Time: 00:00:35

Health: 3/29       AC:  6    Str: 22    XL:     3   Next: 62%
Magic:  3/3        EV:  7    Int:  9    God:
Gold:   0          SH:  9    Dex: 12    Spells: 0 memorised, 2 levels left

rFire  . . .     SeeInvis .     a - +0 war axe
rCold  . . .     Clarity  .     b - +0 scale mail
rNeg   . . .     SustAt   .     c - +0 shield
rPois  .         Gourm    .     (no helmet)
rElec  .         Spirit   .     (no cloak)
rCorr  .         Warding  .     (no gloves)
rMut   .         Stasis   .     (no boots)
MR     .....                    (no amulet)
Stlth  ..........               (no ring)
                                (no ring)

@: mighty, not resistant to hostile enchantments, extremely unstealthy
A: claws 1, powered by pain 1
a: no special abilities


Innate Abilities, Weirdness & Mutations

You have sharp fingernails.
You sometimes gain a little power by taking damage.

Inventory:

Hand Weapons
 a - a +0 war axe (weapon)
Armour
 b - a +0 scale mail (worn)
 c - a +0 shield (worn)
Comestibles
 e - a bread ration


   Skills:
 - Level 3.0 Fighting
 * Level 3.2 Axes
 + Level 3.2 Armour
 - Level 2.6 Shields


You had 2 spell levels left.
You didn't know any spells.


You were on level 2 of the Dungeon.
You were not hungry.

You visited 1 branch of the dungeon, and saw 2 of its levels.

### ..######### ...
#....$....##.#
######)†....#
#))#..########
######)###....<...#
#....)@# ########.#
#........#
..........#
..>...(...#
#........##
##......## ########

Notes
Turn   | Place    | Note
--------------------------------------------------------------
     0 | D:1      | ololoev the Demonspawn Fighter began the quest for the Orb.
     0 | D:1      | Reached XP level 1. HP: 18/18 MP: 1/1
    18 | D:2      | Noticed Ijyb
    18 | D:2      | Noticed Robin
    27 | D:2      | Killed Ijyb
    27 | D:2      | Gained mutation: You sometimes gain a little power by taking damage. [demonic ancestry]
    27 | D:2      | Reached XP level 2. HP: 8/24 MP: 2/2
    27 | D:2      | Gained mutation: You have sharp fingernails. [demonic ancestry]
    27 | D:2      | Reached XP level 3. HP: 9/29 MP: 3/3
    32 | D:2      | Killed Robin
    34 | D:2      | Quit the game

Dungeon Overview and Level Annotations

Branches:
Dungeon (2/15)

Altars:


Message History

Robin throws the goblin at you! You block the goblin's attack.
The goblin hits you. The rat bites you but does no damage.
You closely miss the goblin. You slash the rat!
You kill the rat!
You slash the goblin!
You kill the goblin!
The goblin hits you with a club. The goblin barely misses you.
The goblin hits you but does no damage.
Unknown command.
Your scale mail prevents you from hitting the goblin.
You hit the goblin.
The goblin is severely wounded.
Robin throws the goblin at you! You block the goblin's attack.
The goblin hits you but does no damage. x2
Unknown command.
You closely miss the goblin. You hit the goblin.
You kill the goblin!
You closely miss the goblin. The goblin hits you.
The goblin hits you but does no damage.
Robin says, "My goblins will feast on your bones."
You block Robin's attack. The goblin closely misses you.
Unknown command.
You slash Robin!
Robin is heavily wounded.
You slash the goblin!
You kill the goblin!
You slice the goblin!!
You kill the goblin!
Robin hits you with a whip.
Press: ? - help, v - describe, . - travel, g - get item
Here: Robin, wielding a whip, wearing an animal skin and wearing a helmet (heavily wounded, unusually agile)
A dagger.
There is something else lying underneath.
A stone staircase leading up, spattered with blood.
You slash Robin!
You kill Robin!
Unknown command.
There is a stone staircase leading up, spattered with blood here.
Items here: ))) [[ ††† Are you sure you want to abandon this character and quit the game? (Confirm with "yes".)

There were no monsters in sight!

Vanquished Creatures
  Ijyb (D:2)
  Robin (D:2)
  9 goblins (D:2)
  2 hobgoblins (D:2)
  2 rats (D:2)
15 creatures vanquished.

Action                   || total
-------------------------++-------
Melee: War axe           ||    11
  Use: Potion            ||     1

Vault maps used:
D:1:      erik_arrival_triangle_small
D:2:      ecumenical_altar_2, uniq_terence, uniq_robin, uniq_iyjb
